 Dungeon Sprint DCSS version 0.28.0-45-g0d030f2227 (webtiles) character file.

Game seed: 14441766674226988139

1560 McKennaii the Fighter (level 8, -5/81 HPs)
             Began as a Demigod Fighter on Apr 18, 2022.
             Slain by a polar bear (6 damage)
             ... in the Dungeon (Sprint II: "The Violet Keep of Menkaure").
             The game lasted 00:04:01 (1022 turns).

McKennaii the Fighter (Demigod Fighter)             Turns: 1022, Time: 00:04:01

Health: -5/81      AC:  7    Str: 25    XL:     8   Next: 32%
Magic:  10/10      EV:  9    Int: 10    God:
Gold:   780        SH:  4    Dex: 13    Spells: 7/7 levels left

rFire   . . .      SeeInvis .   a - +0 trident
rCold   . . .      Faith    .   c - +0 buckler
rNeg    . . .      Spirit   .   b - +0 scale mail
rPois   .          Reflect  .   (no helmet)
rElec   .          Harm     .   (no cloak)
rCorr   .          Rampage  .   (no gloves)
Will    .....      NoTele   +   (no boots)
Stlth   ..........              (no amulet)
HPRegen 0.23/turn               (no ring)
MPRegen 0.12/turn               (no ring)

@: no status effects
A: high MP 1, forlorn, divine attributes, hooves 1, iridescent scales 1,
deformed body
a: no special abilities


You were in the Dungeon.
You visited 1 branch You collected 972 gold pieces.
You spent 192 gold pieces at shops.

Inventory:

Hand Weapons
 a - a +0 trident (weapon)
Armour
 b - a +0 scale mail (worn)
 c - a +0 buckler (worn)
Scrolls
 j - a scroll of blinking
Potions
 d - a potion of might
 f - a potion of heal wounds
 g - a potion of haste
 h - 2 potions of magic


   Skills:
 + Level 10.7 Fighting
 + Level 10.4 Polearms
 + Level 10.7 Armour
 - Level 2.6 Shields


You had 7 spell levels left.
You didn't know any spells.
Your spell library was empty.

Dungeon Overview and Level Annotations

Branches:
Dungeon (1/1)

Shops:
D :!:[([[?[!*=[=(

Annotations:
D exclusion: oklob plant


Innate Abilities, Weirdness & Mutations

You have an increased reservoir of magic. (+10% MP)
You shall have no god before yourself.
Your divine heritage dramatically boosts your attributes as you level up.
You have large cloven feet.
You are partially covered in iridescent scales. (AC +2)
Armour fits poorly on your strangely shaped body.


Message History

You kick the polar bear, but do no damage.
The polar bear is almost dead.
The polar bear bites you!
The polar bear claws you but does no damage. x2
You are too injured to fight recklessly!
You are too injured to fight recklessly!
You are too injured to fight recklessly!
You are too injured to fight recklessly!
You are too injured to fight recklessly!
You are too injured to fight recklessly!
You are too injured to fight recklessly!
You are too injured to fight recklessly!
You are too injured to fight recklessly!
You are too injured to fight recklessly!
You are too injured to fight recklessly!
You are too injured to fight recklessly!
You are too injured to fight recklessly!
You are too injured to fight recklessly!
You are too injured to fight recklessly!
You are too injured to fight recklessly!
You are too injured to fight recklessly!
You hit the polar bear but do no damage.
The polar bear is almost dead.
The polar bear closely misses you. The polar bear claws you.
* * * LOW HITPOINT WARNING * * *
The polar bear claws you but does no damage.
The polar bear bites you!!
* * * LOW HITPOINT WARNING * * *
The polar bear claws you but does no damage.
The polar bear closely misses you.
You hit the polar bear but do no damage.
You kick the polar bear, but do no damage.
The polar bear is severely wounded.
The polar bear bites you but does no damage.
The polar bear barely misses you. x2
You hit the polar bear but do no damage.
You kick the polar bear, but do no damage.
The polar bear is severely wounded.
The polar bear barely misses you. The polar bear claws you.
You die...

####≈≈≈... .. ...#≈≈≈≈.##+# ..
...#≈≈≈≈###.###.####
∩..#≈≈≈≈#..#..# ...#
.⌠.#≈≈####.#.####..##
∩..#≈##.###'###.##..#
..†#≈#.#.##.####.#†.#
...'≈'.##'.<.'.##h..### ##.#
...#≈#..###.##..@#....###.^.##▓
▓###≈##.###'###.##...h..≈≈≈≈≈≈≈
####≈≈####.).####≈≈.....≈#+####
##≈≈≈#..#..#§≈≈≈≈§§§.≈#._._. $
#'#≈##...##≈§§≈≈§≈≈§≈#.._._ ##
#(#≈≈##+##≈≈≈≈≈≈≈≈§§§#._._. #≈≈
### ≈≈≈ ≈≈≈≈≈§≈≈≈§§≈§#_._._
≈≈≈§ ++#+++#≈≈≈≈§≈§≈§#._._. °
##≈§≈###§§#_._._


You could see a polar bear (berserk).

Vanquished Creatures
  A merfolk siren (D)
  A polar bear (D)
  A vampire mosquito (D)
  4 neqoxecs (D)
  Menkaure (D)
  A water moccasin (D)
  4 scorpions (D)
  3 worms (D)
16 creatures vanquished.

Notes
Turn   | Place    | Note
-------+----------+-------------------------------------------
     0 | D        | McKennaii the Demigod Fighter began the quest for the Orb.
     0 | D        | Reached XP level 1. HP: 18/18 MP: 3/3
     1 | D        | Noticed a scorpion
     1 | D        | Noticed a scorpion
     1 | D        | Noticed a scorpion
     1 | D        | Noticed a scorpion
     6 | D        | Killed a scorpion
     7 | D        | Reached XP level 2. HP: 28/28 MP: 4/4
     7 | D        | Reached XP level 3. HP: 34/34 MP: 5/5
     9 | D        | Killed a scorpion
    10 | D        | Reached skill level 5 in Fighting
    10 | D        | Reached skill level 5 in Polearms
    10 | D        | Reached skill level 5 in Armour
    10 | D        | Reached XP level 4. HP: 43/44 MP: 6/6
    17 | D        | Reached XP level 5. HP: 10/51 MP: 7/7
    22 | D        | HP: 1/51 [poisoned by a scorpion]
   258 | D        | Noticed a neqoxec
   259 | D        | Gained mutation: You have large cloven feet. [a neqoxec]
   266 | D        | Gained mutation: Armour fits poorly on your strangely
                  | shaped body. [a neqoxec]
   267 | D        | Gained mutation: You are partially covered in iridescent
                  | scales. (AC +2) [a neqoxec]
   271 | D        | Killed a neqoxec
   272 | D        | Reached XP level 6. HP: 43/61 MP: 8/8
   341 | D        | Noticed a neqoxec
   341 | D        | Noticed a neqoxec
   341 | D        | Noticed a neqoxec
   341 | D        | Gained mutation: You sometimes lose the ability to read
                  | scrolls when taking damage. [a neqoxec]
   344 | D        | Killed a neqoxec
   351 | D        | Killed a neqoxec
   355 | D        | Gained mutation: You have hidden genetic defects. [a
                  | neqoxec]
   357 | D        | Killed a neqoxec
   358 | D        | Reached XP level 7. HP: 30/70 MP: 9/9
   372 | D        | Gained mutation: Your body sometimes deteriorates upon
                  | taking damage. [hidden defects]
   550 | D        | Noticed a merfolk siren
   564 | D        | Killed a merfolk siren
   569 | D        | Gained mutation: Your spells are a little easier to cast,
                  | but a little less powerful. [hidden defects]
   569 | D        | Lost mutation: You have hidden genetic defects. [hidden
                  | defects expressed]
   655 | D        | Found Xoreoh's Armour Emporium.
   655 | D        | Found Jounum's Antique Weapon Emporium.
   655 | D        | Found Hufud's Jewellery Shoppe.
   655 | D        | Found Orumnemp's Jewellery Shoppe.
   655 | D        | Found Pepeemut's General Store.
   656 | D        | Found Hejazeut's Antique Armour Shoppe.
   656 | D        | Found Rytz's Magic Scroll Emporium.
   656 | D        | Found Hikheh's Antique Armour Shoppe.
   657 | D        | Found Mungeshu's Armour Emporium.
   657 | D        | Found Jisuymu's Antique Weapon Shoppe.
   657 | D        | Found Keafaron's Armour Shoppe.
   658 | D        | Found Puafu's Distillery.
   658 | D        | Noticed a fire dragon
   659 | D        | Found Fithaqi's Book Shoppe.
   659 | D        | Found Uwuso's Distillery.
   659 | D        | Noticed Menkaure
   659 | D        | Noticed an oklob plant
   660 | D        | Found Cyr Tigi's Book Shoppe.
   660 | D        | Noticed a great orb of eyes
   675 | D        | Killed Menkaure
   676 | D        | Reached skill level 10 in Fighting
   676 | D        | Reached skill level 10 in Armour
   688 | D        | Bought a potion of mutation for 80 gold pieces
   724 | D        | Lost mutation: You have large cloven feet. [potion of
                  | mutation]
   724 | D        | Lost mutation: You sometimes lose the ability to read
                  | scrolls when taking damage. [potion of mutation]
   724 | D        | Lost mutation: Your body sometimes deteriorates upon taking
                  | damage. [potion of mutation]
   724 | D        | Gained mutation: You have large cloven feet. [potion of
                  | mutation]
   724 | D        | Gained mutation: You are dopey. (Int -2) [potion of
                  | mutation]
   730 | D        | Bought a potion of mutation for 112 gold pieces
   730 | D        | Lost mutation: You are dopey. (Int -2) [potion of mutation]
   730 | D        | Lost mutation: Your spells are a little easier to cast, but
                  | a little less powerful. [potion of mutation]
   730 | D        | Lost mutation: You have large cloven feet. [potion of
                  | mutation]
   730 | D        | Gained mutation: You have large cloven feet. [potion of
                  | mutation]
   741 | D        | Reached XP level 8. HP: 68/79 MP: 10/10
   809 | D        | Reached skill level 10 in Polearms
   838 | D        | Noticed a polar bear
   842 | D        | Noticed a polar bear
   861 | D        | Killed a polar bear
  1020 | D        | HP: 1/81 [polar bear (21)]
  1022 | D        | Slain by a polar bear

Illustrated notes

Levels and vault maps discovered:
D:        the_violet_keep_of_menkaure [sprint2_stairs_cluster_1,
          sprint2_shoproom, sprint2_temple, sprint2_basic_supplies,
          sprint2_obstacle_2, sprint2_obstacle_4, sprint2_obstacle_3,
          sprint2_obstacle_7, sprint2_obstacle_6, sprint2_timed_cluster_1,
          sprint2_smallroom_cluster_1, sprint2_smallroom_final_cluster_1,
          sprint2_transparent_cluster_1, sprint2_second_timed_cluster_1,
          sprint2_sniper_area_1, sprint2_heavy_combat_area_1,
          sprint2_mutation_trap_area_1, sprint2_forest_area_1,
          sprint2_light_combat_area_1, sprint2_behind_water_1,
          sprint2_near_end_vault_1]

Skill      XL: |  1  2  3  4  5  6  7  8 |
---------------+-------------------------+-----
Fighting       | 4 5 6 7 9 10 | 10.7
Polearms       | 4 5 6 7 8 9 10 | 10.4
Armour         | 4 5 6 7 9 10 | 10.7
Shields        | |  2.6

Action                   |  1- 3 |  4- 6 |  7- 9 || total
-------------------------+-------+-------+-------++-------
Melee: Trident           |     7 |    39 |    59 ||   105
       Kick              |       |     7 |    21 ||    28
  Use: Potion            |     1 |     1 |     2 ||     4
Armor: Scale mail        |       |     5 |    21 ||    26
Dodge: Dodged            |     1 |     5 |    24 ||    30
Block: Buckler           |     1 |       |    11 ||    12
